 Dungeon Crawl Stone Soup version 0.30-a0-279-g4b46babb21 (webtiles) character file.

Game seed: 12499229752156269352

830 MrElixer the Chopper (level 7, -5/61 HPs)
             Began as a Minotaur Fighter on Oct 17, 2022.
             Was an Initiate of Ashenzari.
             Slain by an orc warrior
             ... wielding a +0 flail
              (9 damage)
             ... on level 4 of the Dungeon.
             The game lasted 00:14:20 (3848 turns).

MrElixer the Chopper (Minotaur Fighter)             Turns: 3848, Time: 00:14:21

Health: -5/61      AC: 12    Str: 24    XL:     7   Next: 65%
Magic:  0/6        EV: 10    Int:  5    God:    Ashenzari [......]
Gold:   209        SH:  5    Dex: 12    Spells: 6/6 levels left

rFire   + . .      SeeInvis .    a - +0 war axe
rCold   . . .      Faith    .    c - +0 buckler
rNeg    . . .      Spirit   +    b - +0 scale mail
rPois   .          Reflect  .    (helmet restricted)
rElec   .          Harm     .    (no cloak)
rCorr   .          Rampage  .    o - +2 pair of gloves {Stlth+}
Will    .....                    l - +0 pair of boots
Stlth   +.........               m - amulet of guardian spirit
HPRegen 0.30/turn                j - ring "Nugekuxt" {Fly rF+ Str+4 Slay+3}
MPRegen 0.10/turn                (no ring)

@: flying
A: horns 2, retaliatory headbutt
a: Renounce Religion, Curse Item


You were on level 4 of the Dungeon.
You worshipped Ashenzari.
Ashenzari was noncommittal.
You visited 1 branch of the dungeon, and saw 4 of its levels.

You collected 209 gold pieces.

Inventory:

Hand Weapons
 a - a +0 war axe (weapon)
 k - a +1 vorpal spear
 w - a +2 whip of freezing
Missiles
 h - 3 javelins (quivered)
 v - a throwing net
Armour
 b - a +0 scale mail (worn)
 c - a +0 buckler (worn)
 f - a +0 plate armour
 i - a +0 leather armour
 l - a +0 pair of boots (worn)
 o - a +2 pair of gloves of stealth (worn)
Jewellery
 j - the ring "Nugekuxt" (left hand) {Fly rF+ Str+4 Slay+3}
   (You found it on level 2 of the Dungeon)

   [ring of flight]

   Str:       It affects your strength (+4).
   Slay:      It affects your accuracy & damage with ranged weapons and melee
   (+3).
   rF:        It protects you from fire.
   Fly:       It grants you flight.
 m - an amulet of guardian spirit (around neck)
Wands
 n - a wand of digging (9)
Scrolls
 q - a scroll of teleportation
 s - a scroll of summoning
 t - a scroll of fear
 x - a scroll of brand weapon {unknown}
 y - 2 scrolls of butterflies
Potions
 d - 2 potions of might
 e - 3 potions of heal wounds {unknown}
 g - a potion of lignification
 p - a potion of flight {unknown}
 r - 2 potions of curing {unknown}
 u - a potion of invisibility {unknown}


   Skills:
 + Level 5.5 Fighting
 + Level 6.5 Axes
 + Level 0.3 Throwing
 + Level 6.3 Armour
 + Level 1.7 Dodging
 + Level 1.3 Stealth
 + Level 5.0 Shields


You had 6 spell levels left.
You didn't know any spells.
Your spell library contained the following spells:

 Spells                   Type           Power      Damage    Failure   Level
 Apportation              Tloc           0%         N/A       83%         1
 Beastly Appendage        Tmut           0%         N/A       83%         1
 Freeze                   Ice            0%         1d3       83%         1
 Necrotise                Necr           0%         1d4       83%         1
 Sandblast                Erth           0%         2d4       83%         1
 Summon Small Mammal      Summ           0%         N/A       83%         1
 Passwall                 Tmut/Erth      0%         N/A       93%         2
 Wereblood                Tmut           0%         N/A       93%         2
 Call Canine Familiar     Summ           0%         N/A       99%         3
 Frozen Ramparts          Ice            0%         1d1       99%         3
 Hailstorm                Conj/Ice       0%         3d3       99%         3
 Portal Projectile        Hex/Tloc       0%         N/A       99%         3
 Spider Form              Tmut/Pois      0%         N/A       99%         3
 Stone Arrow              Conj/Erth      0%         3d7       99%         3
 Leda's Liquefaction      Hex/Erth       0%         N/A       100%        4
 Iskenderun's Battlesphe  Conj           0%         2d6       100%        5
 Iron Shot                Conj/Erth      0%         9d1       100%        6
 Spellforged Servitor     Conj/Summ      0%         N/A       100%        7


Dungeon Overview and Level Annotations

Branches:
Dungeon (4/15)
 Temple: D:4-7

Altars:
Ashenzari
Gozag
Qazlal
Ru


Innate Abilities, Weirdness & Mutations

You have a pair of horns on your head.
You reflexively headbutt those who attack you in melee.


Message History

The orc warrior shouts!
You reach down and open the door.
Your kobold hits the orc warrior but does no damage.
You block Flanfartigan's ghost's attack.
The orc warrior hits your kobold with a +0 flail!
Your kobold dies!
Your kobold's corpse dissolves into shadows!
There is an open door here.
Flanfartigan's ghost attacks as you move away!
You block Flanfartigan's ghost's attack.
Flanfartigan's ghost hits you.
* * * LOW HITPOINT WARNING * * *
Flanfartigan's ghost burns you.
* * * LOW HITPOINT WARNING * * *
There is an open door here.
Flanfartigan's ghost attacks as you move away!
Flanfartigan's ghost hits you!
* * * LOW HITPOINT WARNING * * *
Flanfartigan's ghost burns you.
* * * LOW HITPOINT WARNING * * *
Flanfartigan's ghost says, "My insurmountable tactics guarantee your defeat."
You hit Flanfartigan's ghost. You headbutt Flanfartigan's ghost!
Flanfartigan's ghost is heavily damaged.
Flanfartigan's ghost closely misses you.
You furiously retaliate!
You headbutt Flanfartigan's ghost.
You completely miss Flanfartigan's ghost.
Flanfartigan's ghost is heavily damaged.
Flanfartigan's ghost hits you but does no damage.
You slice Flanfartigan's ghost!! You headbutt Flanfartigan's ghost!
You destroy Flanfartigan's ghost!
Your Axes skill increases to level 6!
Your Shields skill increases to level 5!
You hit the orc warrior.
The orc warrior is severely wounded.
The orc warrior hits you with a +0 flail.
* * * LOW HITPOINT WARNING * * *
You barely miss the orc warrior. You headbutt the orc warrior.
The orc warrior is severely wounded.
The orc warrior hits you with a +0 flail!
You die...

#.####### #....'..$.8#
##.### ##...)$_8.∩# #....#
#...'....8# ##.#.#
##'..#...$.# ###.#
##....##.8.## #.##
##.....######. #..##
##.......###.##
##...####.........##.#.
#####.....@o'..............
#........####..............
#.####...# ##........#..##
#.# ##.#.# ##.....###.###
#.# #..#.# ##...##§...☼#
#.# #.##.# ##'###.....#
#.###.##.# ##.#...._...
#........# #....#.....#
#####.#### #..###....☼#


You could see an orc warrior.

Vanquished Creatures
  The ghost of Flanfartigan the Trooper, an amateur OgCA of Ignis (D:4)
  Sigmund (D:2)
  A hound (D:4)
  An orc priest (D:4)
  Natasha (thrice) (D:3)
  An orc wizard (D:4)
  Terence (D:3)
  8 gnolls
  6 adders
  An ufetubus (D:4)
  A worm (D:2)
  3 dart slugs
  9 orcs (D:4)
  7 bats
  8 endoplasms
  4 giant cockroaches
  4 goblins
  8 hobgoblins
  4 jackals (D:4)
  4 quokkas (D:1)
  5 ball pythons
  3 frilled lizards
  11 kobolds
  4 rats
99 creatures vanquished.

Notes
Turn   | Place    | Note
-------+----------+-------------------------------------------
     0 | D:1      | MrElixer the Minotaur Fighter began the quest for the Orb.
     0 | D:1      | Reached XP level 1. HP: 19/19 MP: 0/0
   140 | D:1      | Reached XP level 2. HP: 27/27 MP: 1/1
   831 | D:1      | Found a faded altar of an unknown god.
   840 | D:1      | Prayed at the altar of an unknown god.
   840 | D:1      | Became a worshipper of Ashenzari the Shackled
  1074 | D:2      | Noticed Sigmund
  1100 | D:2      | Killed Sigmund
  1101 | D:2      | Reached XP level 3. HP: 15/34 MP: 2/2
  1101 | D:2      | Reached XP level 4. HP: 18/41 MP: 3/3
  1101 | D:2      | Reached XP level 5. HP: 20/47 MP: 4/4
  1211 | D:2      | Identified the ring "Nugekuxt" {Fly rF+ Str+4 Slay+3}
  1217 | D:2      | Reached skill level 5 in Armour
  1226 | D:2      | Reached skill level 1 in Stealth
  2049 | D:3      | Noticed Natasha
  2054 | D:3      | Killed Natasha
  2055 | D:3      | Reached skill level 1 in Dodging
  2055 | D:3      | Reached XP level 6. HP: 47/53 MP: 5/5
  2157 | D:3      | Noticed Natasha
  2161 | D:3      | Killed Natasha
  2441 | D:3      | Noticed Natasha
  2451 | D:3      | Killed Natasha
  2452 | D:3      | Reached skill level 5 in Fighting
  2463 | D:3      | Noticed Terence
  2470 | D:3      | Killed Terence
  2471 | D:3      | Reached skill level 5 in Axes
  2866 | D:4      | Found a runed translucent gate.
  2867 | D:4      | Found a runed translucent gate.
  2867 | D:4      | Found an opulent altar of Gozag.
  2867 | D:4      | Found a runed translucent gate.
  2869 | D:4      | Noticed Flanfartigan's ghost (amateur OgCA)
  2869 | D:4      | Noticed an orc warrior
  2892 | D:4      | Found a stormy altar of Qazlal.
  3203 | D:4      | Found a sacrificial altar of Ru.
  3424 | D:4      | Reached XP level 7. HP: 61/61 MP: 6/6
  3843 | D:4      | HP: 3/61 [Flanfartigan's ghost (1)]
  3846 | D:4      | Killed Flanfartigan's ghost
  3847 | D:4      | Reached skill level 5 in Shields
  3848 | D:4      | Slain by an orc warrior

Illustrated notes

Levels and vault maps discovered:
D:1:      nicolae_arrival_memento_mori, layout_loops_corners,
          ebering_ecumenical_altar_abandoned
D:2:      cheibrodos_helix_gallery, layout_basic, due_unseen_surprise,
          uniq_sigmund, uniq_crazy_yiuf_cottage
D:3:      layout_basic, uniq_terence, uniq_natasha
D:4:      layout_loops_corners, nicolae_ru_sacrificial_ziggurat,
          grunt_qazlal_clouds, ebering_ghost_gozag

Skill      XL: |  1  2  3  4  5  6  7 |
---------------+----------------------+-----
Axes           | 4 5 6 |  6.5
Fighting       | 4 5 |  5.5
Armour         | 4 5 6 |  6.3
Shields        | 4 5 |  5.0
Stealth        | 1 |  1.3
Dodging        | 1 |  1.7
Throwing       | |  0.3

Action                   |  1- 3 |  4- 6 |  7- 9 || total
-------------------------+-------+-------+-------++-------
Melee: War axe           |    49 |   106 |    32 ||   187
       Headbutt          |     3 |    14 |     8 ||    25
Throw: Javelin           |     2 |     3 |       ||     5
  Use: Scroll            |     3 |     2 |     1 ||     6
       Potion            |     3 |     1 |       ||     4
 Stab: Sleeping          |       |     2 |       ||     2
Armor: Scale mail        |    34 |    61 |    14 ||   109
Dodge: Dodged            |    27 |    71 |    15 ||   113
Block: Buckler           |    11 |    44 |    12 ||    67

Table legend: (Time is in decaauts)
 A = Elapsed time spent in this place.
 B = Non-inter-level travel time spent in this place.
 C = Inter-level travel time spent in this place.
 D = Time resting spent in this place.
 E = Time spent auto-exploring this place.
 F = Levels seen in this place.
 G = Mean time per level.
                   A        B        C        D        E       F      G
               +--------+--------+--------+--------+--------+-----+--------+
         Total |   3917 |   3809 |    108 |    163 |   2528 |   4 |  979.2 |
       Dungeon |   3917 |   3809 |    108 |    163 |   2528 |   4 |  979.2 |
               +--------+--------+--------+--------+--------+-----+--------+

Top non-repeatable levels by time:
     D:2: 1168 daAuts
     D:4: 1068 daAuts
     D:1: 910 daAuts
     D:3: 768 daAuts
